 Dungeon Crawl Stone Soup version 0.29.1-1-gd02db6906a (webtiles) character file.

Game seed: 16486714570890509184

261 Godmorgon the Destroyer (level 6, -2/32 HPs)
             Began as a Tengu Conjurer on Oct 13, 2022.
             Slain by an orc wizard
             ... wielding a +0 dagger
              (4 damage)
             ... on level 3 of the Dungeon.
             The game lasted 00:09:50 (2751 turns).

Godmorgon the Destroyer (Tengu Conjurer)            Turns: 2751, Time: 00:09:50

Health: -2/32      AC:  3    Str:  7    XL:     6   Next: 18%
Magic:  9/12       EV: 14    Int: 20    God:
Gold:   199        SH:  0    Dex: 13    Spells: 9/12 levels left

rFire   . . .      SeeInvis .   a - +0 sling (freeze)
rCold   . . .      Faith    .   (no shield)
rNeg    . . .      Spirit   .   d - +0 robe
rPois   .          Reflect  .   (helmet restricted)
rElec   .          Harm     .   (no cloak)
rCorr   .          Rampage  .   n - +0 pair of gloves
Will    .....                   (boots unavailable)
Stlth   +.........              (no amulet)
HPRegen 0.10/turn               (no ring)
MPRegen 0.13/turn               (no ring)

@: confused, flying quickly and evasively, quick
A: beak, talons 3, nimble flight
a: no special abilities


You were on level 3 of the Dungeon.
You visited 1 branch of the dungeon, and saw 3 of its levels.

You collected 199 gold pieces.

Inventory:

Hand Weapons
 a - a +0 sling of freezing (weapon)
Missiles
 e - 5 poisoned darts
 g - a throwing net
Armour
 d - a +0 robe (worn)
 n - a +0 pair of gloves (worn)
Scrolls
 h - 3 scrolls of brand weapon {unknown}
 i - 2 scrolls of blinking {unknown}
 j - a scroll of vulnerability {unknown}
 l - a scroll of fear {unknown}
 q - a scroll of immolation {unknown}
 s - a scroll of identify {unknown}
 u - a scroll of teleportation {unknown}
Potions
 b - 2 potions of magic
 c - 2 potions of curing {unknown}
 f - 3 potions of attraction {unknown}
 k - 2 potions of lignification {unknown}
 m - a potion of heal wounds {unknown}
 o - a potion of mutation {unknown}
 p - a potion of haste {unknown}
 r - a potion of brilliance {unknown}
 t - a potion of degeneration {unknown}


   Skills:
 - Level 2.1 Dodging
 - Level 2.0 Stealth
 + Level 3.6 Spellcasting
 * Level 8.4 Conjurations


You had 9 spell levels left.
You knew the following spells:

 Your Spells              Type           Power      Damage    Failure   Level
d - Magic Dart            Conj           100%       1d8       1%          1
s - Searing Ray           Conj           74%        2d7       1%          2

Your spell library contained the following spells:

 Spells                   Type           Power      Damage    Failure   Level
 Dazzling Flash           Conj/Hex       40%        N/A       7%          3
 Fulminant Prism          Conj/Hex       10%        3d9       24%         4
 Iskenderun's Mystic Bla  Conj/Tloc      20%        2d6       24%         4


Dungeon Overview and Level Annotations

Branches:
Dungeon (3/15)

Altars:
Nemelex Xobeh
Xom


Innate Abilities, Weirdness & Mutations

You have a beak for a mouth.
You have claws for feet.
Your magical nature lets you fly swiftly and evasively.


Message History

You shoot a sling bullet.
The orc wizard gestures at you while chanting.
You are more confused.
The orc wizard barely misses you.
Non-targeted confused fire: a) +0 sling (freeze)
Press: ? - help, Q - select action, (/) - cycle Dir - look around, f - activate You shoot a sling bullet.
The orc wizard casts a spell at you.
You are more confused.
Non-targeted confused fire: a) +0 sling (freeze)
Press: ? - help, Q - select action, (/) - cycle Dir - look around, f - activate You shoot a sling bullet.
Non-targeted confused fire: a) +0 sling (freeze)
Press: ? - help, Q - select action, (/) - cycle Dir - look around, f - activate You shoot a sling bullet.
The orc hits you with a +0 flail.
The orc wizard hits you but does no damage.
The orc hits you with a +0 flail.
The orc wizard hits you with a +0 dagger.
Non-targeted confused fire: a) +0 sling (freeze)
Press: ? - help, Q - select action, (/) - cycle Dir - look around, f - activate You shoot a sling bullet.
The orc wizard closely misses you. The orc barely misses you.
Non-targeted confused fire: a) +0 sling (freeze)
Press: ? - help, Q - select action, (/) - cycle Dir - look around, f - activate You shoot a sling bullet.
The orc wizard hits you with a +0 dagger.
The orc closely misses you. The orc hits you with a +0 flail!
* * * LOW HITPOINT WARNING * * *
The orc wizard gestures at you while chanting.
You are more confused.
Non-targeted confused fire: a) +0 sling (freeze)
Press: ? - help, Q - select action, (/) - cycle Dir - look around, f - activate You shoot a sling bullet.
The orc wizard points at you and mumbles some strange words.
The magic dart hits you!
* * * LOW HITPOINT WARNING * * *
The orc misses you.
The orc wizard hits you with a +0 dagger.
You die...

#.)# #.....o... ###.)#
#.####.... #....# #.#
##### #.##)# #.#
.##.##.#### #.#
#..........# ####### #.#
####..####.# #.....# #.#
### #..####.###o....# #.#
#.. #.
#.....)o.@...####.#### ###
#.
#.##.###.......)..[..###..
# .. #.#
#.....#####...##... #. ..#
###########........ # ####
#..<.)..#... #.......##..
#........### ####........
###....##..


You could see an orc wizard and an orc.

Vanquished Creatures
  Sigmund (D:3)
  3 adders
  2 dart slugs (D:1)
  7 orcs (D:3)
  8 bats
  5 endoplasms
  4 giant cockroaches
  5 hobgoblins
  4 jackals
  A quokka (D:1)
  7 ball pythons
  2 frilled lizards
  6 goblins
  3 kobolds
  6 rats
  A spectral goblin (D:2)
65 creatures vanquished.

Notes
Turn   | Place    | Note
-------+----------+-------------------------------------------
     0 | D:1      | Godmorgon the Tengu Conjurer began the quest for the Orb.
     0 | D:1      | Reached XP level 1. HP: 10/10 MP: 4/4
   190 | D:1      | Reached XP level 2. HP: 10/15 MP: 6/6
   195 | D:1      | Learned a level 2 spell: Searing Ray
   540 | D:1      | Reached skill level 6 in Conjurations
   750 | D:1      | Reached XP level 3. HP: 19/19 MP: 7/7
  1820 | D:2      | Found a faded altar of an unknown god.
  1867 | D:2      | Reached XP level 4. HP: 24/24 MP: 5/9
  2069 | D:3      | Found a shimmering altar of Xom.
  2184 | D:3      | Noticed Sigmund
  2190 | D:3      | Killed Sigmund
  2191 | D:3      | Reached skill level 8 in Conjurations
  2191 | D:3      | Gained mutation: Your magical nature lets you fly swiftly
                  | and evasively. [Tengu growth]
  2191 | D:3      | Reached XP level 5. HP: 28/28 MP: 1/11
  2278 | D:3      | Reached XP level 6. HP: 32/32 MP: 8/12
  2571 | D:3      | Found a sparkling altar of Nemelex Xobeh.
  2751 | D:3      | Slain by an orc wizard

Illustrated notes

Levels and vault maps discovered:
D:1:      minmay_arrival_glassed_features, layout_loops_ring, chequers_jeans
D:2:      minmay_inner_zag, layout_loops_ring,
          dreamdust_ecumenical_altar_drowned_temple
D:3:      layout_loops_cross, brannock_xom_greatest_gift, marbit_many_paths,
          uniq_ijyb, uniq_sigmund, uniq_terence

Skill      XL: |  1  2  3  4 |
---------------+-------------+-----
Conjurations   | 6 8 |  8.4
Spellcasting   | 3 |  3.6
Dodging        | |  2.1
Stealth        | |  2.0

Action                   |  1- 3 |  4- 6 || total
-------------------------+-------+-------++-------
 Fire: Sling             |    67 |    15 ||    82
 Cast: Magic Dart        |     8 |       ||     8
       Searing Ray       |    14 |    18 ||    32
Armor: Robe              |    13 |     1 ||    14
Dodge: Dodged            |    33 |     9 ||    42
